 Dungeon Crawl Stone Soup version 0.29.0-7-g18a832c13a (webtiles) character file.

Game seed: 8889325535384569218

39 Hiru the Digger (level 3, -5/26 HPs)
             Began as a Formicid Earth Elementalist on Sept 1, 2022.
             Slain by an iguana (6 damage)
             ... on level 2 of the Dungeon.
             The game lasted 00:03:26 (1783 turns).

Hiru the Digger (Formicid Earth Elementalist)       Turns: 1783, Time: 00:03:27

Health: -5/26      AC:  5    Str: 12    XL:     3   Next: 67%
Magic:  6/6        EV:  9    Int: 16    God:
Gold:   44         SH:  7    Dex: 14    Spells: 6/7 levels left

rFire   + . .      SeeInvis +   a - +0 short sword (venom)
rCold   . . .      Faith    .   d - +0 kite shield
rNeg    . . .      Spirit   .   c - +0 ring mail
rPois   .          Reflect  .   (helmet unavailable)
rElec   .          Harm     .   (no cloak)
rCorr   .          Rampage  .   (no gloves)
Will    .....                   (no boots)
Stlth   +.........              (no amulet)
HPRegen 0.08/turn               g - ring of protection from fire
MPRegen 0.10/turn               (no ring)

@: very slightly contaminated
A: permanent stasis, dig shafts and tunnels, antennae 3, four strong arms
a: Dig, Shaft Self


You were on level 2 of the Dungeon.
You visited 1 branch of the dungeon, and saw 2 of its levels.

You collected 44 gold pieces.

Inventory:

Hand Weapons
 a - a +0 short sword of venom (weapon)
 i - a +0 quarterstaff
Armour
 c - a +0 ring mail (worn)
 d - a +0 kite shield (worn)
Jewellery
 g - a ring of protection from fire (left hand)
Scrolls
 e - 2 scrolls of identify {unknown}
 h - a scroll of enchant armour {unknown}
 j - a scroll of teleportation {unknown}
Potions
 f - a potion of brilliance {unknown}


   Skills:
 + Level 1.2 Fighting
 + Level 1.3 Armour
 - Level 1.7 Dodging
 - Level 2.4 Stealth
 + Level 1.2 Shields
 + Level 2.6 Spellcasting
 - Level 1.1 Transmutations
 + Level 4.0 Earth Magic


You had 6 spell levels left.
You knew the following spells:

 Your Spells              Type           Power      Damage    Failure   Level
a - Sandblast             Erth           30%        2d9       22%         1

Your spell library contained the following spells:

 Spells                   Type           Power      Damage    Failure   Level
 Passwall                 Tmut/Erth      8%         N/A       52%         2
 Stone Arrow              Conj/Erth      16%        3d8       82%         3
 Petrify                  Tmut/Erth      10%        N/A       98%         4


Dungeon Overview and Level Annotations

Branches:
Dungeon (2/15)

Altars:


Innate Abilities, Weirdness & Mutations

You cannot be hasted, slowed, berserked, paralysed or teleported.
You can dig through walls and to a lower floor.
You have a pair of large antennae on your head. (SInv)
Your four strong arms can wield two-handed weapons with a shield.


Message History

Casting: Sandblast (safe; 22% risk of failure)
Confirm with . or Enter, or press ? or * to list all spells.
Aiming: Sandblast (safe; 22% risk of failure)
Press: ? - help, Shift-Dir - straight line, f/p - iguana
Aim: an iguana (heavily wounded, 84% to hit)
The blast of sand hits the iguana.
The iguana is severely wounded.
The iguana bites you but does no damage.
Unknown command.
Unknown command.
Unknown command.
Casting: Sandblast (safe; 22% risk of failure)
Confirm with . or Enter, or press ? or * to list all spells.
Aiming: Sandblast (safe; 22% risk of failure)
Press: ? - help, Shift-Dir - straight line, f/p - iguana
Aim: an iguana (severely wounded, 84% to hit)
The blast of sand hits the iguana but does no damage.
The iguana is severely wounded.
The iguana closely misses you. The iguana barely misses you.
Unknown command.
Unknown command.
Unknown command.
Unknown command.
Unknown command.
Casting: Sandblast (safe; 22% risk of failure)
Confirm with . or Enter, or press ? or * to list all spells.
Aiming: Sandblast (safe; 22% risk of failure)
Press: ? - help, Shift-Dir - straight line, f/p - iguana
Aim: an iguana (severely wounded, 84% to hit)
You miscast Sandblast.
Nothing appears to happen.
The iguana bites you.
* * * LOW HITPOINT WARNING * * *
Unknown command.
Unknown command.
Casting: Sandblast (safe; 22% risk of failure)
Confirm with . or Enter, or press ? or * to list all spells.
You don't have enough magic to cast this spell.
Unknown command.
Unknown command.
Magic courses through your body. The iguana bites you.
You die...

♣..'....# #.# ...'.#..#
#.# ♣..'.#..# #.#
.♣)#....# #.#
♣..#...†#####.#
).##.#........####
.##.##.###...)..<###
####### ##.....#
#.###.....#######.....#
##.####
#.###.#@............#.##
#..
#.##.[.l#.######........
#.. #.##.......#
#......... {
#.##.......# ##+##.##.#.
#.......##.###≈≈≈#.##...
####..####.#.+≈≈≈'....#.
#......##...#≈≈≈#.##.#.
#
#.#..#.##...##+##......
.
...#....##........###.##


You could see an iguana.

Vanquished Creatures
  A dart slug (D:1)
  3 ball pythons
  2 bats
  4 endoplasms
  A giant cockroach (D:1)
  5 goblins
  2 hobgoblins (D:1)
  4 kobolds
  A quokka (D:2)
  3 frilled lizards (D:2)
  10 rats
36 creatures vanquished.

Notes
Turn   | Place    | Note
-------+----------+-------------------------------------------
     0 | D:1      | Hiru the Formicid Earth Elementalist began the quest for
                  | the Orb.
     0 | D:1      | Reached XP level 1. HP: 13/13 MP: 3/3
   195 | D:1      | Reached XP level 2. HP: 20/20 MP: 1/5
   623 | D:1      | Reached skill level 1 in Armour
   660 | D:1      | Reached skill level 1 in Fighting
   716 | D:1      | Reached XP level 3. HP: 26/26 MP: 2/6
  1090 | D:1      | Reached skill level 1 in Shields
  1090 | D:1      | Reached skill level 4 in Earth Magic
  1782 | D:2      | HP: 1/26 [iguana (1)]
  1783 | D:2      | Slain by an iguana

Illustrated notes

Levels and vault maps discovered:
D:1:      dpeg_arrival_rhombi, layout_loops_ring, chequers_serial_rivers_large_a
D:2:      layout_loops_cross, hellmonk_ecumenical_altar_crossroads,
          minmay_liquid_box, kennysheep_cluttered_room

Skill      XL: |  1  2  3 |
---------------+----------+-----
Armour         | 1 |  1.3
Fighting       | 1 |  1.2
Shields        | 1 |  1.2
Earth Magic    | 4 |  4.0
Dodging        | |  1.7
Stealth        | |  2.4
Spellcasting   | |  2.6
Transmutations | |  1.1

Action                   || total
-------------------------++-------
Melee: Dagger            ||    27
       Short sword       ||    27
 Cast: Sandblast         ||    36
  Use: Potion            ||     1
Armor: Ring mail         ||    23
Dodge: Dodged            ||    21
Block: Kite shield       ||    28
